 Dungeon Crawl Stone Soup version 0.21.0-37-g46506fa (webtiles) character file.

671 greenice the Carver (level 7, -10/57 HPs)
             Began as a Minotaur Fighter on Jan 31, 2018.
             Was an Initiate of Okawaru.
             Killed from afar by a crimson imp (33 damage)
             ... with an exploding inner flame
             ... hexed by the player character
             ... on level 5 of the Dungeon.
             The game lasted 00:10:15 (4468 turns).

greenice the Carver (Minotaur Fighter)              Turns: 4468, Time: 00:10:16

Health: -10/57     AC:  6    Str: 20    XL:     7   Next: 32%
Magic:  6/6        EV:  7    Int:  5    God:    Okawaru [......]
Gold:   271        SH:  9    Dex: 12    Spells: 6/6 levels left

rFire    . . .     SeeInvis .   a - +0 long sword
rCold    . . .     Gourm    .   c - +0 shield
rNeg     . . .     Faith    .   b - +0 scale mail
rPois    .         Spirit   .   (helmet restricted)
rElec    .         Reflect  .   (no cloak)
rCorr    .         Harm     .   (no gloves)
MR       .....                  (no boots)
Stlth    ..........             (no amulet)
HPRegen  0.19/turn              (no ring)
MPRegen  0.10/turn              (no ring)

@: very slightly contaminated
A: retaliatory headbutt, horns 2
a: Renounce Religion


You were on level 5 of the Dungeon.
You worshipped Okawaru.
Okawaru was noncommittal.
You were not hungry.

You visited 2 branches of the dungeon, and saw 6 of its levels.

You collected 281 gold pieces.
You spent 10 gold pieces at shops.

Inventory:

Hand Weapons
 a - a +0 long sword (weapon)
 e - a +1 war axe of distortion
 y - a +2 long sword of slicing
Armour
 b - a +0 scale mail (worn)
 c - a +0 shield (worn)
 t - a +0 plate armour
Jewellery
 w - an uncursed ring of magical power {unknown}
Scrolls
 g - 13 scrolls of identify
 k - 2 scrolls of magic mapping
 q - a scroll of enchant weapon {unknown}
 r - 2 scrolls of teleportation
 s - 2 scrolls of remove curse {unknown}
 x - 2 scrolls of random uselessness {unknown}
Potions
 d - a potion of might
 h - a potion of invisibility {unknown}
 j - 3 potions of cancellation {unknown}
 l - a potion of lignification {unknown}
 p - 2 potions of curing {unknown}
 u - a potion of resistance {unknown}
 v - a potion of flight {unknown}
 z - 2 potions of agility {unknown}
Comestibles
 f - 8 rations
 n - a chunk of flesh


   Skills:
 - Level 3.6 Fighting
 + Level 9.9 Long Blades
 - Level 3.6 Armour
 - Level 3.6 Shields


You had 6 spell levels left.
You didn't know any spells.

Dungeon Overview and Level Annotations

Branches:
Dungeon (5/15)             Temple (1/1) D:4

Altars:
Ashenzari
Cheibriados
Hepliaklqana
Makhleb
Okawaru
Qazlal
Ru
Sif Muna
Trog
Uskayaw
Xom
Yredelemnul
The Shining One

Shops:
D:4 !   D:5 (

Annotations:
D:5 Legendary Falchion


Innate Abilities, Weirdness & Mutations

You reflexively headbutt those who attack you in melee.
You have a pair of horns on your head.


Message History

Some of the chunks of flesh in your inventory have rotted away.
Your surroundings suddenly seem different.
You start resting.
The crimson imp shouts!
There is an open door here.
There is an open door here.
The crimson imp hits you.
You slash the crimson imp!
The crimson imp is severely wounded.
You block the crimson imp's attack.
The crimson imp blinks!
You block the crimson imp's attack.
You are too injured to fight recklessly!
You are too injured to fight recklessly!
You are too injured to fight recklessly!
You are too injured to fight recklessly!
You slash the crimson imp!
The crimson imp explodes!
The fiery explosion engulfs you!
Ouch! That really hurt!
You die...

######. ..... #)###### # #....
#....... # #. #.##'# ##....## #..
###.##.# ####....# #...
..(.#.########.......#
####...#####..#.#..............#
..............#.#.#####........##
..........)).....>...............
#########.)#..#§@§.#.##......####
../........#...#§#.#.##......#
..†........##..§§§.#.##......#
...........##..#'###.##......#
...........##..#..##.##.######
...........##..#......#.#
......................#.#
..........#.###.......#.#
..........#.###.......#.#


There were no monsters in sight!

Vanquished Creatures
  2 howler monkeys (D:4)
  2 crimson imps (D:5)
  A hound (D:4)
  An orc priest (D:5)
  A centaur skeleton (D:3)
  5 orc wizards
  5 worker ants
  11 adders
  An ooze (D:2)
  3 worms
  2 dart slugs
  A leopard gecko (D:2)
  17 orcs
  2 giant cockroaches
  3 goblins
  5 hobgoblins
  5 jackals
  2 kobolds
  7 bats
  4 frilled lizards
  2 rats
82 creatures vanquished.

Notes
Turn   | Place    | Note
-------+----------+-------------------------------------------
     0 | D:1      | greenice the Minotaur Fighter began the quest for the Orb.
     0 | D:1      | Reached XP level 1. HP: 19/19 MP: 0/0
   100 | D:1      | Reached skill level 3 in Long Blades
   238 | D:1      | Reached XP level 2. HP: 26/26 MP: 1/1
   597 | D:2      | Reached skill level 4 in Long Blades
   830 | D:2      | Reached XP level 3. HP: 31/31 MP: 2/2
  1309 | D:3      | Reached skill level 5 in Long Blades
  1520 | D:3      | Reached XP level 4. HP: 39/39 MP: 3/3
  1707 | D:3      | Found a basalt altar of Yredelemnul.
  1712 | D:3      | Reached skill level 6 in Long Blades
  1716 | D:3      | Found a stormy altar of Qazlal.
  1716 | D:3      | Found a deep blue altar of Sif Muna.
  1716 | D:3      | Found a burning altar of Makhleb.
  1719 | D:3      | Found a hide-covered altar of Uskayaw.
  1775 | D:3      | Reached XP level 5. HP: 42/45 MP: 4/4
  2032 | D:4      | Reached skill level 7 in Long Blades
  2361 | D:4      | Reached XP level 6. HP: 42/51 MP: 5/5
  2373 | D:4      | Reached skill level 8 in Long Blades
  3048 | D:4      | Found a snail-covered altar of Cheibriados.
  3108 | D:4      | Found a staircase to the Ecumenical Temple.
  3117 | Temple   | Entered the Ecumenical Temple
  3140 | Temple   | Became a worshipper of Warmaster Okawaru
  3287 | D:4      | Found Dysiwn's Distillery.
  3294 | D:4      | Bought a potion of degeneration for 10 gold pieces
  3460 | D:5      | Entered Level 5 of the Dungeon
  3644 | D:5      | Reached skill level 9 in Long Blades
  3713 | D:5      | Reached XP level 7. HP: 37/57 MP: 6/6
  4230 | D:5      | Found Zaiq's Weapon Shoppe.
  4468 | D:5      | Killed from afar by a crimson imp

Skill      XL: |  1  2  3  4  5  6 |
---------------+-------------------+-----
Long Blades    | 3 4 5 6 7 9 |  9.9
Fighting       | |  3.6
Armour         | |  3.6
Shields        | |  3.6

Action                   |  1- 3 |  4- 6 |  7- 9 || total
-------------------------+-------+-------+-------++-------
Melee: Long sword        |    71 |   138 |    64 ||   273
       Headbutt          |    12 |    31 |    18 ||    61
  Use: Potion            |       |     2 |       ||     2
       Scroll            |       |       |     5 ||     5
  Eat: Chunk             |     2 |     7 |     2 ||    11
Armor: Scale mail        |    22 |    57 |    22 ||   101
Dodge: Dodged            |    21 |    37 |     9 ||    67
Block: Shield            |    43 |    70 |    26 ||   139
       Rpst.: Long sword |     7 |    10 |     3 ||    20
